 Dungeon Crawl Stone Soup version 0.27-a0-1140-g099f9bb0e8 (webtiles) character file.

Game seed: 12521518638635493846

21 jasper the Skirmisher (level 2, 0/24 HPs)
             Began as a Demonspawn Wanderer on May 8, 2021.
             Succumbed to Crazy Yiuf's poison
             ... on level 2 of the Dungeon.
             The game lasted 00:02:10 (1314 turns).

jasper the Skirmisher (Demonspawn Wanderer)         Turns: 1314, Time: 00:02:11

Health: 0/24       AC:  5    Str: 10    XL:     2   Next: 65%
Magic:  0/2        EV: 10    Int: 17    God:
Gold:   76         SH:  4    Dex: 10    Spells: 1/1 levels left

rFire    . . .     SeeInvis .   a - +2 short sword
rCold    . . .     Faith    .   (no shield)
rNeg     . . .     Spirit   .   k - +0 ring mail
rPois    .         Reflect  .   (no helmet)
rElec    .         Harm     .   (no cloak)
rCorr    .         Rampage  .   (no gloves)
Will     .....                  (no boots)
Stlth    +.........             (no amulet)
HPRegen  0.08/turn              (no ring)
MPRegen  0.08/turn              (no ring)

@: lethally poisoned (0 -> -17)
A: condensation shield
a: no special abilities


You were on level 2 of the Dungeon.
You visited 1 branch of the dungeon, and saw 2 of its levels.

You collected 76 gold pieces.

Inventory:

Hand Weapons
 a - a +2 short sword (weapon)
 d - a +0 dagger
Missiles
 c - 4 poisoned darts (quivered)
 f - 102 stones
Armour
 e - a +0 robe
 k - a +0 ring mail (worn)
Jewellery
 i - a ring of ice
Scrolls
 g - a scroll of vulnerability {unknown}
 h - a scroll of immolation {unknown}
 j - a scroll of noise {unknown}
Potions
 b - 3 potions of lignification


   Skills:
 + Level 3.3 Fighting
 - Level 1.7 Short Blades
 - Level 1.0 Throwing
 + Level 0.2 Armour
 + Level 2.2 Dodging
 - Level 1.7 Stealth
 + Level 1.0 Unarmed Combat


You had one spell level left.
You didn't know any spells.
Your spell library was empty.

Dungeon Overview and Level Annotations

Branches:
Dungeon (2/15)

Altars:

Annotations:
D:2 Crazy Yiuf


Innate Abilities, Weirdness & Mutations

A meltable shield of frost defends you. (SH +4)


Message History

There is a dry fountain here.
There is an empty arch of ancient stone here.
You see here a +0 short sword.
Crazy Yiuf cries, "You leg down broken song, no?"
As you open the door, it creaks loudly!
Throw: 9 darts (poison)
Press: ? - help, Q - select action, (/) - cycle Shift-Dir - straight line, f - Crazy Yiuf
Aim: Crazy Yiuf, wielding a +3 quarterstaff of chaos and wearing a +0 cloak (60% to hit)
You throw a poisoned dart. The poisoned dart hits Crazy Yiuf.
You block Crazy Yiuf's attack.
Throw: 8 darts (poison)
Press: ? - help, Q - select action, (/) - cycle Shift-Dir - straight line, f/p - Crazy Yiuf
Aim: Crazy Yiuf, wielding a +3 quarterstaff of chaos and wearing a +0 cloak (60% to hit)
You throw a poisoned dart. The poisoned dart hits Crazy Yiuf.
Crazy Yiuf screams, "Ghoul!"
Crazy Yiuf completely misses you.
Throw: 7 darts (poison)
Press: ? - help, Q - select action, (/) - cycle Shift-Dir - straight line, f/p - Crazy Yiuf
Aim: Crazy Yiuf, wielding a +3 quarterstaff of chaos and wearing a +0 cloak (60% to hit)
You throw a poisoned dart. The poisoned dart hits Crazy Yiuf.
Crazy Yiuf is poisoned.
Crazy Yiuf hits you with a +3 quarterstaff of chaos!
You feel your power leaking away.
You take 10 damage, and have 14/24 hp.
MASSIVE DAMAGE!!
You now have 0/2 mp.
Throw: 6 darts (poison)
Press: ? - help, Q - select action, (/) - cycle Shift-Dir - straight line, f/p - Crazy Yiuf
Aim: Crazy Yiuf, wielding a +3 quarterstaff of chaos and wearing a +0 cloak (poisoned, 60% to hit)
You throw a poisoned dart.
The poisoned dart closely misses Crazy Yiuf.
You block Crazy Yiuf's attack.
Throw: 5 darts (poison)
Press: ? - help, Q - select action, (/) - cycle Shift-Dir - straight line, f/p - Crazy Yiuf
Aim: Crazy Yiuf, wielding a +3 quarterstaff of chaos and wearing a +0 cloak (poisoned, 60% to hit)
You throw a poisoned dart. The poisoned dart hits Crazy Yiuf.
Crazy Yiuf looks even sicker.
Crazy Yiuf hits you with a +3 quarterstaff of chaos!
* * * LOW HITPOINT WARNING * * *
You are lethally poisoned!
You take 10 damage, and have 4/24 hp.
MASSIVE DAMAGE!!
You die...

#..................###.#.
#.......>#.#####.......#.
###................#.#####.
#..................#[# #.
#.##################.# #.
#.# #.#####. #.########
#....... #.#..P.#.### ###
######## #.....P.#.@##...#
#....P.####.g..(# #<....##
###..)# ####### ###


You could see Crazy Yiuf (very poisoned).

Vanquished Creatures
  2 dart slugs
  An endoplasm (D:1)
  A giant cockroach (D:2)
  A goblin (D:1)
  4 jackals (D:1)
  3 bats
  A frilled lizard (D:2)
  3 kobolds
  A rat (D:1)
17 creatures vanquished.

Notes
Turn   | Place    | Note
-------+----------+-------------------------------------------
     0 | D:1      | jasper the Demonspawn Wanderer began the quest for the Orb.
     0 | D:1      | jasper set off with the following items: a +2 short sword,
                  | a potion of lignification, 10 poisoned darts, a +0 dagger,
                  | a +0 robe
     0 | D:1      | Reached XP level 1. HP: 18/18 MP: 1/1
   149 | D:1      | Gained mutation: A meltable shield of frost defends you.
                  | (SH +4) [demonic ancestry]
   149 | D:1      | Reached XP level 2. HP: 21/24 MP: 2/2
   702 | D:2      | Reached skill level 1 in Unarmed Combat
   969 | D:2      | Found a runed translucent door.
   970 | D:2      | Noticed Crazy Yiuf
  1195 | D:2      | Found a faded altar of an unknown god.
  1314 | D:2      | Succumbed to Crazy Yiuf's poison

Illustrated notes

Levels and vault maps discovered:
D:1:      dpeg_arrival_water_temple_mockup, layout_rooms,
          hangedman_abyss_or_decor_stabs
D:2:      layout_basic, shapermc_ecumenical_altar_venn, uniq_crazy_yiuf_cottage

Skill      XL: |  1  2 |
---------------+-------+-----
Dodging        | 2 |  2.2
Unarmed Combat | 1 |  1.0
Fighting       | |  3.3
Short Blades   | |  1.7
Throwing       | |  1.0
Armour         | |  0.2
Stealth        | |  1.7

Action                   || total
-------------------------++-------
Melee: Short sword       ||    30
Throw: Dart              ||    23
Armor: Robe              ||     4
Dodge: Dodged            ||    18
Block: Other             ||     4

Table legend: (Time is in decaauts)
 A = Elapsed time spent in this place.
 B = Non-inter-level travel time spent in this place.
 C = Inter-level travel time spent in this place.
 D = Time resting spent in this place.
 E = Time spent auto-exploring this place.
 F = Levels seen in this place.
 G = Mean time per level.
                   A        B        C        D        E       F      G
               +--------+--------+--------+--------+--------+-----+--------+
         Total |   1312 |   1285 |     27 |     83 |   1061 |   2 |  656.0 |
       Dungeon |   1312 |   1285 |     27 |     83 |   1061 |   2 |  656.0 |
               +--------+--------+--------+--------+--------+-----+--------+

Top non-repeatable levels by time:
     D:2: 660 daAuts
     D:1: 652 daAuts
